Maple Leafs vs Predators

Created - April 18, 2017 at 22:59

Goals
1 2 3 T
Maple Leafs 0 2 2 4
Predators 0 0 2 2
Shots
1 2 3 T
Maple Leafs 3 9 9 21
Predators 4 5 16 25

1st period

No Goal

Penalties :
Alexander Steen (Nas) for Roughing (Minor) at 12:32

2nd period

1. Maple Leafs , Jordan Staal 30 (Alexander Frolov 28, Eric Nystrom 19) at 2:22
2. Maple Leafs , Jordan Staal 31 (Claude Giroux 65, Tobias Enstrom 38) at 11:29 (PP)

Penalties :
Tobias Enstrom (Tor) for Hooking (Minor) at 3:53, Andy Miele (Nas) for Interference (Minor) at 11:20

3rd period

3. Predators , James Van Riemsdyk 10 (David Jones 6, Niclas Bergfors 30) at 5:00
4. Maple Leafs , Fabian Brunnstrom 22 (Tobias Enstrom 39, Colby Armstrong 10) at 5:35
5. Maple Leafs , Claude Giroux 55 (Jordan Staal 56, Tobias Enstrom 40) at 13:14
6. Predators , Byron Bitz 28 (Alexander Edler 37) at 15:19 (PP)

Penalties :
Kris Vernarsky (Nas) for Hooking (Minor) at 9:12, Alexander Frolov (Tor) for Hooking (Minor) at 15:07

Goalie Stats

Marc-André Fleury (Tor), 23 saves from 25 shots - (0.920), W, 33-18-9, 60:00 minutes
Viktor Fasth (Nas), 17 saves from 21 shots - (0.810), L, 23-12-3, 60:00 minutes

Players Stats for Maple Leafs

Player Name              G  A  P  +/- PIM S  H  SB GA TA FO     MP     PP MP  PK MP  
------------------------------------------------------------------------------------
Alexander Frolov         0  1  1   2  2   4  2  0  0  0  2/3    20:30   2:15   0:47 
Blake Comeau             0  0  0   0  0   0  1  0  0  0  1/1     8:18   0:00   0:33 
Braydon Coburn           0  0  0   2  0   0  0  2  0  3  0/0    24:47   2:28   1:24 
Claude Giroux            1  1  2   2  0   4  3  2  0  0  5/5    23:58   2:27   1:11 
Colby Armstrong          0  1  1   1  0   5  0  0  0  0  1/1    17:46   1:40   0:00 
Eric Nystrom             0  1  1  -1  0   0  0  0  1  0  0/0    14:46   0:00   0:00 
Fabian Brunnstrom        1  0  1   1  0   1  3  0  0  0  0/0    18:05   1:40   0:19 
Jamie McBain             0  0  0   1  0   0  0  0  1  0  0/0    11:51   0:00   0:00 
John Klingberg           0  0  0   0  0   0  0  0  0  0  0/0     4:49   0:00   0:23 
Jordan Staal             2  1  3   2  0   3  1  0  1  0  21/32  21:22   2:27   1:12 
Justin Abdelkader        0  0  0   0  0   0  1  0  0  0  0/0     6:01   0:00   0:00 
Justin Schultz           0  0  0   1  0   0  2  0  0  0  0/0    12:40   0:00   0:49 
Marc-Édouard Vlasic      0  0  0  -1  0   1  0  2  0  0  0/0    20:03   1:39   0:47 
Michael Grabner          0  0  0  -1  0   0  1  1  0  1  0/1    14:54   0:12   0:00 
Ryan Craig               0  0  0   1  0   2  1  0  0  0  5/6    18:17   1:40   0:20 
Taylor Chorney           0  0  0  -1  0   1  0  1  0  1  0/0    20:03   1:39   0:47 
Tobias Enstrom           0  3  3   2  2   0  0  0  1  1  0/0    25:50   2:28   0:12 
Zac Dalpe                0  0  0  -1  0   0  3  0  0  0  3/5    13:47   0:00   0:00 

Players Stats for Predators

Player Name              G  A  P  +/- PIM S  H  SB GA TA FO     MP     PP MP  PK MP  
------------------------------------------------------------------------------------
Alexander Edler          0  1  1   0  0   4  0  0  0  0  0/0    25:13   1:10   2:23 
Alexander Ovechkin       0  0  0  -1  0   2  3  2  1  0  1/5    25:07   1:18   2:14 
Alexander Steen          0  0  0  -1  2   2  2  0  0  1  0/0    16:41   0:53   0:25 
Andrej Meszaros          0  0  0   0  0   0  0  0  0  0  0/0     5:39   0:00   0:00 
Andy Miele               0  0  0   0  2   2  0  1  0  0  2/7    15:29   0:00   0:00 
Blake Geoffrion          0  0  0  -1  0   0  0  0  1  0  0/0     6:33   0:00   0:00 
Bobby Sanguinetti        0  0  0   0  0   1  0  1  0  0  0/0    10:39   0:00   0:00 
Brett Clark              0  0  0   0  0   2  1  0  0  0  0/0    15:20   0:00   0:00 
Byron Bitz               1  0  1   0  0   2  0  0  1  0  1/3    18:23   1:18   0:57 
David Jones              0  1  1   0  0   0  1  1  0  0  0/0    16:46   0:00   1:06 
Dmitri Kalinin           0  0  0  -2  0   1  1  2  1  1  0/0    18:56   1:01   1:44 
James Van Riemsdyk       1  0  1   0  0   2  0  0  0  0  0/0    16:10   0:00   0:12 
John Moore               0  0  0  -2  0   1  0  1  0  1  0/0    18:56   1:01   1:44 
Kris Vernarsky           0  0  0  -1  2   0  1  0  1  0  6/13   15:31   0:00   0:00 
Mikael Granlund          0  0  0  -1  0   1  0  0  0  0  0/2     8:13   1:18   0:12 
Niclas Bergfors          0  1  1  -1  0   0  1  1  1  0  0/0    17:18   0:53   0:57 
Ryan Kesler              0  0  0   0  0   3  2  1  0  0  6/24   19:12   0:53   2:11 
Ryan Mcdonagh            0  0  0   0  0   2  0  1  0  1  0/0    25:44   1:10   2:23 

3 Stars

1 - Jordan Staal (Tor)
2 - Claude Giroux (Tor)
3 - Fabian Brunnstrom (Tor)

Power Play

Maple Leafs - 1 on 3 Attempt(s) - 33.33%
Predators - 1 on 2 Attempt(s) - 50.00%

Penalty Kill

Maple Leafs - 1 on 2 Attempt(s) - 50.00% - Score 0 goal in Penalty Kill
Predators - 2 on 3 Attempt(s) - 66.67% - Score 0 goal in Penalty Kill

Team Stat

Maple Leafs - Hits : 18 - Faceoff Wins : 38 - Blocked Shots : 8 - Penalty Minutes : 4
Predators - Hits : 12 - Faceoff Wins : 16 - Blocked Shots : 11 - Penalty Minutes : 6

Official

Referees : Walsh Ian and Charron Francis
Linesman : Derek Amell and Bryan Pancich

Game Notes

No Game Note

Finance

Level 1 -- Attendance: 5942 (99.03%) -- Ticket Income $505,070
Level 2 -- Attendance: 4690 (93.80%) -- Ticket Income $234,500
Level 3 -- Attendance: 1941 (97.05%) -- Ticket Income $58,230
Level 4 -- Attendance: 2982 (74.55%) -- Ticket Income $71,568
Luxury Box -- Attendance: 706 (70.60%) -- Ticket Income $123,550
Game was played at the Wildcat center.
Total Attendance: 16261 (90.34%)
Total Ticket Income: $992,918
Other Income: $148,938
Total Income: $1,141,856

Maple Leafs

5 vs 5 Forward 
   Center                   Left Wing                Right Wing               Time % Phy DF OF 
 1 Jordan Staal             Alexander Frolov         Claude Giroux            40     1   2  2  
 2 Ryan Craig               Fabian Brunnstrom        Colby Armstrong          30     1   2  2  
 3 Zac Dalpe                Eric Nystrom             Michael Grabner          20     1   2  2  
 4 Claude Giroux            Justin Abdelkader        Blake Comeau             10     1   2  2  

5 vs 5 Defense 
   Defense                  Defense                                           Time % Phy DF OF 
 1 Tobias Enstrom           Braydon Coburn                                    40     1   2  2  
 2 Taylor Chorney           Marc-Édouard Vlasic                               30     1   2  2  
 3 Jamie McBain             Justin Schultz                                    20     1   2  2  
 4 John Klingberg           Tobias Enstrom                                    10     1   2  2  

PowerPlay Forward 
   Center                   Left Wing                Right Wing               Time % Phy DF OF 
 1 Jordan Staal             Alexander Frolov         Claude Giroux            60     1   2  2  
 2 Ryan Craig               Fabian Brunnstrom        Colby Armstrong          40     1   2  2  

PowerPlay Defense
   Defense                  Defense                                           Time % Phy DF OF 
 1 Tobias Enstrom           Braydon Coburn                                    60     1   2  2  
 2 Taylor Chorney           Marc-Édouard Vlasic                               40     1   2  2  

Penalty Kill 4 Players Forward 
   Center                   Wing                     Time % Phy DF OF 
 1 Claude Giroux            Jordan Staal             60     1   2  2  
 2 Alexander Frolov         Fabian Brunnstrom        40     1   2  2  

Penalty Kill 4 Players Defense
   Defense                  Defense                  Time % Phy DF OF 
 1 Tobias Enstrom           Braydon Coburn           60     1   2  2  
 2 Taylor Chorney           Marc-Édouard Vlasic      40     1   2  2  

Penalty Kill - 3 Players Forward 
   Forward                                           Time % Phy DF OF 
 1 Claude Giroux                                     60     1   2  2  
 2 Jordan Staal                                      40     1   2  2  

Penalty Kill - 3 Players Defense
   Defense                  Defense                  Time % Phy DF OF 
 1 Tobias Enstrom           Braydon Coburn           60     1   2  2  
 2 Taylor Chorney           Marc-Édouard Vlasic      40     1   2  2  

4 vs 4 Forward 
   Center                   Wing                     Time % Phy DF OF 
 1 Claude Giroux            Jordan Staal             60     1   2  2  
 2 Alexander Frolov         Fabian Brunnstrom        40     1   2  2  

4 vs 4 Defense
   Defense                  Defense                  Time % Phy DF OF 
 1 Tobias Enstrom           Braydon Coburn           60     1   2  2  
 2 Taylor Chorney           Marc-Édouard Vlasic      40     1   2  2  

Last Minutes Offensive
   Center                   Left Wing                Right Wing               Defense                  Defense                  
   Jordan Staal             Alexander Frolov         Claude Giroux            Tobias Enstrom           Braydon Coburn           

Last Minutes Defensive
   Center                   Left Wing                Right Wing               Defense                  Defense                  
   Jordan Staal             Alexander Frolov         Claude Giroux            Tobias Enstrom           Braydon Coburn           

Goaltenders
Starting : Marc-André Fleury        
Backup : Alex Stalock             

Extra Forwards
Normal : Michael Grabner, Eric Nystrom, Blake Comeau - PP : Michael Grabner, Eric Nystrom - PK : Blake Comeau
Extra Defensemen
Normal : Jamie McBain, Justin Schultz, John Klingberg - PP : Jamie McBain - PK : Justin Schultz, John Klingberg
Penalty Shots
Claude Giroux, Jordan Staal, Alexander Frolov, Fabian Brunnstrom, Colby Armstrong

Scratches
Evgeni Malkin (Separated Right Shoulder Injury), Rob Schremp (Fractured Right Foot Injury)

Predators

5 vs 5 Forward 
   Center                   Left Wing                Right Wing               Time % Phy DF OF 
 1 Ryan Kesler              Alexander Ovechkin       Byron Bitz               40     1   2  2  
 2 Kris Vernarsky           Alexander Steen          Niclas Bergfors          30     1   2  2  
 3 Andy Miele               James Van Riemsdyk       David Jones              20     1   2  2  
 4 Mikael Granlund          Blake Geoffrion          Alexander Ovechkin       10     1   2  2  

5 vs 5 Defense 
   Defense                  Defense                                           Time % Phy DF OF 
 1 Ryan Mcdonagh            Alexander Edler                                   40     1   2  2  
 2 Dmitri Kalinin           John Moore                                        30     1   2  2  
 3 Bobby Sanguinetti        Brett Clark                                       20     1   2  2  
 4 Andrej Meszaros          Brett Clark                                       10     1   2  2  

PowerPlay Forward 
   Center                   Left Wing                Right Wing               Time % Phy DF OF 
 1 Mikael Granlund          Alexander Ovechkin       Byron Bitz               60     1   2  2  
 2 Ryan Kesler              Alexander Steen          Niclas Bergfors          40     1   2  2  

PowerPlay Defense
   Defense                  Defense                                           Time % Phy DF OF 
 1 Ryan Mcdonagh            Alexander Edler                                   60     1   2  2  
 2 Dmitri Kalinin           John Moore                                        40     1   2  2  

Penalty Kill 4 Players Forward 
   Center                   Wing                     Time % Phy DF OF 
 1 Alexander Ovechkin       Ryan Kesler              60     1   2  2  
 2 Byron Bitz               Niclas Bergfors          40     1   2  2  

Penalty Kill 4 Players Defense
   Defense                  Defense                  Time % Phy DF OF 
 1 Ryan Mcdonagh            Alexander Edler          60     1   2  2  
 2 Dmitri Kalinin           John Moore               40     1   2  2  

Penalty Kill - 3 Players Forward 
   Forward                                           Time % Phy DF OF 
 1 Alexander Ovechkin                                60     1   2  2  
 2 Ryan Kesler                                       40     1   2  2  

Penalty Kill - 3 Players Defense
   Defense                  Defense                  Time % Phy DF OF 
 1 Ryan Mcdonagh            Alexander Edler          60     1   2  2  
 2 Dmitri Kalinin           John Moore               40     1   2  2  

4 vs 4 Forward 
   Center                   Wing                     Time % Phy DF OF 
 1 Alexander Ovechkin       Ryan Kesler              60     1   2  2  
 2 Byron Bitz               Niclas Bergfors          40     1   2  2  

4 vs 4 Defense
   Defense                  Defense                  Time % Phy DF OF 
 1 Ryan Mcdonagh            Alexander Edler          60     1   2  2  
 2 Dmitri Kalinin           Brett Clark              40     1   2  2  

Last Minutes Offensive
   Center                   Left Wing                Right Wing               Defense                  Defense                  
   Ryan Kesler              Alexander Ovechkin       Byron Bitz               Ryan Mcdonagh            Alexander Edler          

Last Minutes Defensive
   Center                   Left Wing                Right Wing               Defense                  Defense                  
   Ryan Kesler              Alexander Ovechkin       Byron Bitz               Ryan Mcdonagh            Alexander Edler          

Goaltenders
Starting : Viktor Fasth             
Backup : Chad Johnson             

Extra Forwards
Normal : James Van Riemsdyk, Andy Miele, David Jones - PP : James Van Riemsdyk, Andy Miele - PK : David Jones
Extra Defensemen
Normal : John Moore, Bobby Sanguinetti, Andrej Meszaros - PP : John Moore - PK : Bobby Sanguinetti, Dmitri Kalinin
Penalty Shots
Alexander Ovechkin, Ryan Kesler, Byron Bitz, Niclas Bergfors, Alexander Steen

Scratches
Adam Burish (Broken Right Thumb Injury), Barret Jackman (Head Injury), Frans Nielsen (Concussion Injury)

% Time on Ice - Maple Leafs

Lines # - Real PCT - Wanted PCT - Time Play
Normal Forward
1 - 33% - 40% - 17:48
2 - 30% - 30% - 16:06
3 - 26% - 20% - 13:47
4 - 11% - 10% - 6:01
Normal Defense
1 - 39% - 40% - 20:55
2 - 33% - 30% - 17:37
3 - 22% - 20% - 11:51
4 - 6% - 10% - 3:19
PP Forward
1 - 60% - 60% - 2:27
2 - 40% - 40% - 1:40
PP Defense
1 - 60% - 60% - 2:28
2 - 40% - 40% - 1:39
PK Forward
1 - 85% - 60% - 1:52
2 - 15% - 40% - 0:19
PK Defense
1 - 64% - 60% - 1:24
2 - 36% - 40% - 0:47
PK3 Forward
1 - 0% - 60%
2 - 0% - 40%
PK3 Defense
1 - 0% - 60%
2 - 0% - 40%
44 Forward
1 - 0% - 60%
2 - 0% - 40%
44 Defense
1 - 0% - 60%
2 - 0% - 40%
Last Minute Offensive  - 0:00
Last Minute Defensive  - 0:00
Total
Forward - 60:00
Defense - 60:00

% Time on Ice - Predators

Lines # - Real PCT - Wanted PCT - Time Play
Normal Forward
1 - 31% - 40% - 16:44
2 - 29% - 30% - 15:28
3 - 28% - 20% - 14:57
4 - 12% - 10% - 6:33
Normal Defense
1 - 40% - 40% - 21:13
2 - 30% - 30% - 16:11
3 - 20% - 20% - 10:39
4 - 11% - 10% - 5:39
PP Forward
1 - 60% - 60% - 1:18
2 - 40% - 40% - 0:53
PP Defense
1 - 53% - 60% - 1:10
2 - 47% - 40% - 1:01
PK Forward
1 - 77% - 60% - 3:10
2 - 23% - 40% - 0:57
PK Defense
1 - 58% - 60% - 2:23
2 - 42% - 40% - 1:44
PK3 Forward
1 - 0% - 60%
2 - 0% - 40%
PK3 Defense
1 - 0% - 60%
2 - 0% - 40%
44 Forward
1 - 0% - 60%
2 - 0% - 40%
44 Defense
1 - 0% - 60%
2 - 0% - 40%
Last Minute Offensive  - 0:00
Last Minute Defensive  - 0:00
Total
Forward - 60:00
Defense - 60:00

Play by Play

1st period


0:01 of 1st period - Alexander Ovechkin wins face-off versus Jordan Staal in neutral zone.
0:08 of 1st period - Slapshot by Alexander Ovechkin.
0:08 of 1st period - Shot Misses the Net.
0:26 of 1st period - Braydon Coburn is hit by Alexander Steen and loses puck.
0:38 of 1st period - Wrist shot by Alexander Steen.
0:38 of 1st period - Stopped by Marc-André Fleury without a rebound.
0:39 of 1st period - Andy Miele wins face-off versus Zac Dalpe in Maple Leafs zone.
0:40 of 1st period - Wrist shot by James Van Riemsdyk.
0:40 of 1st period - Shot Misses the Net.
1:28 of 1st period - Ryan Craig is hit by Alexander Steen and loses puck.
1:45 of 1st period - Snap shot by Ryan Kesler.
1:45 of 1st period - Shot Blocked by Claude Giroux.
2:41 of 1st period - Icing by Ryan Mcdonagh.
2:42 of 1st period - Claude Giroux wins face-off versus Ryan Kesler in Predators zone.
2:47 of 1st period - Snap shot by Justin Abdelkader.
2:47 of 1st period - Shot Misses the Net.
3:33 of 1st period - Wrist shot by Michael Grabner.
3:33 of 1st period - Shot Blocked by John Moore.
3:35 of 1st period - Snap shot by Eric Nystrom.
3:35 of 1st period - Shot Misses the Net.
3:37 of 1st period - Snap shot by Braydon Coburn.
3:37 of 1st period - Shot Misses the Net.
4:01 of 1st period - Icing by Dmitri Kalinin.
4:02 of 1st period - Colby Armstrong wins face-off versus Alexander Ovechkin in Predators zone.
4:07 of 1st period - Slapshot by Ryan Craig.
4:07 of 1st period - Stopped by Viktor Fasth without a rebound.
4:08 of 1st period - Ryan Craig wins face-off versus Mikael Granlund in Predators zone.
4:37 of 1st period - Fabian Brunnstrom is hit by Alexander Ovechkin and loses puck.
4:48 of 1st period - Snap shot by Alexander Ovechkin.
4:48 of 1st period - Shot Blocked by Marc-Édouard Vlasic.
4:50 of 1st period - Snap shot by Blake Geoffrion.
4:50 of 1st period - Shot Misses the Net.
4:52 of 1st period - Slapshot by Brett Clark.
4:52 of 1st period - Stopped by Marc-André Fleury with a rebound.
4:54 of 1st period - Slapshot by Brett Clark.
4:54 of 1st period - Stopped by Marc-André Fleury with a rebound.
5:22 of 1st period - Wrist shot by Blake Geoffrion.
5:22 of 1st period - Shot Misses the Net.
6:06 of 1st period - Wrist shot by Mikael Granlund.
6:06 of 1st period - Stopped by Marc-André Fleury without a rebound.
6:07 of 1st period - Kris Vernarsky wins face-off versus Jordan Staal in Maple Leafs zone.
8:01 of 1st period - Icing by Ryan Mcdonagh.
8:02 of 1st period - Kris Vernarsky wins face-off versus Michael Grabner in Predators zone.
8:02 of 1st period - Kris Vernarsky is hit by Zac Dalpe.
10:48 of 1st period - John Moore is hit by Michael Grabner and loses puck.
11:26 of 1st period - Off-side.
11:27 of 1st period - Jordan Staal wins face-off versus Andy Miele in neutral zone.
11:58 of 1st period - Off-side.
11:59 of 1st period - Zac Dalpe wins face-off versus Ryan Kesler in neutral zone.
12:02 of 1st period - Brett Clark is hit by Zac Dalpe and loses puck.
12:17 of 1st period - Marc-Édouard Vlasic is hit by Ryan Kesler and loses puck.
12:30 of 1st period - Snap shot by Claude Giroux.
12:30 of 1st period - Shot Hit the Post.
12:32 of 1st period - Minor Penalty to Alexander Steen for Roughing.
12:33 of 1st period - Claude Giroux wins face-off versus Alexander Ovechkin in Predators zone.
13:08 of 1st period - Slapshot by Tobias Enstrom.
13:08 of 1st period - Shot Blocked by Ryan Mcdonagh.
14:32 of 1st period - Penalty to Alexander Steen is over, Alexander Steen is back on ice.
15:00 of 1st period - Marc-Édouard Vlasic is hit by David Jones and loses puck.
15:42 of 1st period - Jamie McBain is hit by Brett Clark and loses puck.
16:39 of 1st period - Off-side.
16:40 of 1st period - Jordan Staal wins face-off versus Andy Miele in neutral zone.
16:43 of 1st period - James Van Riemsdyk is hit by Justin Abdelkader and loses puck.
17:08 of 1st period - Off-side.
17:09 of 1st period - Alexander Frolov wins face-off versus Ryan Kesler in neutral zone.
17:12 of 1st period - Wrist shot by Claude Giroux.
17:12 of 1st period - Shot Blocked by Ryan Kesler.
17:14 of 1st period - Snap shot by Jordan Staal.
17:14 of 1st period - Shot Blocked by Dmitri Kalinin.
17:16 of 1st period - Wrist shot by Alexander Frolov.
17:16 of 1st period - Stopped by Viktor Fasth with a rebound.
17:18 of 1st period - Wrist shot by Alexander Frolov.
17:18 of 1st period - Shot Misses the Net.
17:20 of 1st period - Slapshot by Marc-Édouard Vlasic.
17:20 of 1st period - Stopped by Viktor Fasth without a rebound.
17:21 of 1st period - Claude Giroux wins face-off versus Ryan Kesler in Predators zone.
17:33 of 1st period - Off-side.
17:34 of 1st period - Jordan Staal wins face-off versus Ryan Kesler in neutral zone.
18:26 of 1st period - Wrist shot by Zac Dalpe.
18:26 of 1st period - Deflect By Eric Nystrom.
18:26 of 1st period - Shot Misses the Net.
18:26 of 1st period - Puck is out of play.
18:27 of 1st period - Byron Bitz wins face-off versus Jordan Staal in Predators zone.
18:27 of 1st period - Byron Bitz is hit by Alexander Frolov.
18:30 of 1st period - Alexander Ovechkin is hit by Alexander Frolov and loses puck.
18:41 of 1st period - Off-side.
18:42 of 1st period - Jordan Staal wins face-off versus Ryan Kesler in neutral zone.
18:49 of 1st period - Slapshot by Claude Giroux.
18:49 of 1st period - Shot Misses the Net.
19:07 of 1st period - Kris Vernarsky is hit by Justin Schultz and loses puck.
19:16 of 1st period - Fabian Brunnstrom is hit by Niclas Bergfors and loses puck.
19:47 of 1st period - Tobias Enstrom is hit by Alexander Ovechkin.
Goals for this period are 0 for Maple Leafs vs 0 for Predators.
Shots for this period are 3 for Maple Leafs vs 4 for Predators.

2nd period


0:01 of 2nd period - Jordan Staal wins face-off versus Ryan Kesler in neutral zone.
0:50 of 2nd period - Snap shot by Andy Miele.
0:50 of 2nd period - Shot Blocked by Michael Grabner.
1:10 of 2nd period - Wrist shot by Alexander Frolov.
1:10 of 2nd period - Stopped by Viktor Fasth with a rebound.
1:12 of 2nd period - Slapshot by Alexander Frolov.
1:12 of 2nd period - Shot Blocked by Andy Miele.
1:14 of 2nd period - Slapshot by Taylor Chorney.
1:14 of 2nd period - Shot Misses the Net.
1:41 of 2nd period - Wrist shot by Alexander Ovechkin.
1:41 of 2nd period - Stopped by Marc-André Fleury with a rebound.
2:20 of 2nd period - Backhand shot by Alexander Frolov.
2:20 of 2nd period - Stopped by Viktor Fasth with a rebound.
2:22 of 2nd period - Snap shot by Jordan Staal.
2:22 of 2nd period - Goal by Jordan Staal - Maple Leafs : 1 - Predators : 0.
2:23 of 2nd period - Jordan Staal wins face-off versus Byron Bitz in neutral zone.
2:48 of 2nd period - Kris Vernarsky is hit by Ryan Craig and loses puck.
2:56 of 2nd period - Off-side.
2:57 of 2nd period - Ryan Kesler wins face-off versus Jordan Staal in neutral zone.
3:00 of 2nd period - Backhand shot by Ryan Kesler.
3:00 of 2nd period - Stopped by Marc-André Fleury without a rebound.
3:01 of 2nd period - Jordan Staal wins face-off versus Ryan Kesler in Maple Leafs zone.
3:53 of 2nd period - Minor Penalty to Tobias Enstrom for Hooking.
3:54 of 2nd period - Claude Giroux wins face-off versus Byron Bitz in Maple Leafs zone.
5:53 of 2nd period - Penalty to Tobias Enstrom is over, Tobias Enstrom is back on ice.
6:23 of 2nd period - Kris Vernarsky is hit by Fabian Brunnstrom and loses puck.
7:34 of 2nd period - Icing by Ryan Craig.
7:35 of 2nd period - Andy Miele wins face-off versus Zac Dalpe in Maple Leafs zone.
8:54 of 2nd period - Icing by Ryan Mcdonagh.
8:55 of 2nd period - Kris Vernarsky wins face-off versus Ryan Craig in Predators zone.
9:02 of 2nd period - Wrist shot by Niclas Bergfors.
9:02 of 2nd period - Shot Misses the Net.
9:29 of 2nd period - Snap shot by Jordan Staal.
9:29 of 2nd period - Shot Misses the Net.
10:01 of 2nd period - Kris Vernarsky is hit by Fabian Brunnstrom and loses puck.
10:06 of 2nd period - Wrist shot by Fabian Brunnstrom.
10:06 of 2nd period - Shot Blocked by Dmitri Kalinin.
10:24 of 2nd period - Dmitri Kalinin is hit by Claude Giroux and loses puck.
11:13 of 2nd period - Off-side.
11:14 of 2nd period - Ryan Craig wins face-off versus Andy Miele in neutral zone.
11:20 of 2nd period - Minor Penalty to Andy Miele for Interference.
11:21 of 2nd period - Jordan Staal wins face-off versus Alexander Ovechkin in Predators zone.
11:21 of 2nd period - Snap shot by Claude Giroux.
11:21 of 2nd period - Shot Misses the Net.
11:23 of 2nd period - Slapshot by Tobias Enstrom.
11:23 of 2nd period - Shot Blocked by Alexander Ovechkin.
11:25 of 2nd period - Snap shot by Jordan Staal.
11:25 of 2nd period - Stopped by Viktor Fasth with a rebound.
11:29 of 2nd period - Snap shot by Jordan Staal.
11:29 of 2nd period - Goal by Jordan Staal - Maple Leafs : 2 - Predators : 0.
11:30 of 2nd period - Ryan Kesler wins face-off versus Jordan Staal in neutral zone.
11:42 of 2nd period - Snap shot by Alexander Frolov.
11:42 of 2nd period - Stopped by Viktor Fasth without a rebound.
11:43 of 2nd period - Jordan Staal wins face-off versus Ryan Kesler in Predators zone.
11:44 of 2nd period - Wrist shot by Claude Giroux.
11:44 of 2nd period - Stopped by Viktor Fasth without a rebound.
11:45 of 2nd period - Jordan Staal wins face-off versus Ryan Kesler in Predators zone.
12:24 of 2nd period - Slapshot by Alexander Ovechkin.
12:24 of 2nd period - Shot Misses the Net.
12:26 of 2nd period - Snap shot by Alexander Edler.
12:26 of 2nd period - Stopped by Marc-André Fleury with a rebound.
12:28 of 2nd period - Snap shot by Alexander Edler.
12:28 of 2nd period - Stopped by Marc-André Fleury without a rebound.
12:29 of 2nd period - Kris Vernarsky wins face-off versus Jordan Staal in Maple Leafs zone.
12:30 of 2nd period - Snap shot by Niclas Bergfors.
12:30 of 2nd period - Shot Misses the Net.
12:58 of 2nd period - Icing by David Jones.
12:59 of 2nd period - Zac Dalpe wins face-off versus Andy Miele in Predators zone.
13:00 of 2nd period - Snap shot by Michael Grabner.
13:00 of 2nd period - Shot Misses the Net.
13:08 of 2nd period - Snap shot by Michael Grabner.
13:08 of 2nd period - Shot Misses the Net.
13:10 of 2nd period - Wrist shot by Zac Dalpe.
13:10 of 2nd period - Shot Blocked by David Jones.
13:46 of 2nd period - David Jones is hit by Claude Giroux and loses puck.
14:13 of 2nd period - Alexander Ovechkin is hit by Zac Dalpe and loses puck.
15:12 of 2nd period - Wrist shot by Michael Grabner.
15:12 of 2nd period - Shot Misses the Net.
15:14 of 2nd period - Backhand shot by Tobias Enstrom.
15:14 of 2nd period - Deflect By Zac Dalpe.
15:14 of 2nd period - Shot Blocked by Alexander Ovechkin.
15:14 of 2nd period - Puck is out of play.
15:15 of 2nd period - Jordan Staal wins face-off versus Kris Vernarsky in Predators zone.
15:28 of 2nd period - Snap shot by Alexander Frolov.
15:28 of 2nd period - Shot Blocked by Bobby Sanguinetti.
16:14 of 2nd period - Snap shot by Claude Giroux.
16:14 of 2nd period - Shot Misses the Net.
16:16 of 2nd period - Wrist shot by Jordan Staal.
16:16 of 2nd period - Shot Misses the Net.
16:20 of 2nd period - Snap shot by Claude Giroux.
16:20 of 2nd period - Stopped by Viktor Fasth without a rebound.
16:21 of 2nd period - Ryan Craig wins face-off versus Kris Vernarsky in Predators zone.
16:26 of 2nd period - Wrist shot by Colby Armstrong.
16:26 of 2nd period - Stopped by Viktor Fasth with a rebound.
17:05 of 2nd period - James Van Riemsdyk is hit by Jordan Staal.
17:09 of 2nd period - Snap shot by David Jones.
17:09 of 2nd period - Shot Blocked by Braydon Coburn.
17:21 of 2nd period - Wrist shot by Fabian Brunnstrom.
17:21 of 2nd period - Deflect By Ryan Craig.
17:21 of 2nd period - Shot Misses the Net.
17:21 of 2nd period - Puck is out of play.
17:22 of 2nd period - Ryan Craig wins face-off versus Kris Vernarsky in Predators zone.
17:23 of 2nd period - Slapshot by Fabian Brunnstrom.
17:23 of 2nd period - Shot Misses the Net.
17:25 of 2nd period - Snap shot by Ryan Craig.
17:25 of 2nd period - Shot Misses the Net.
17:33 of 2nd period - Slapshot by Ryan Mcdonagh.
17:33 of 2nd period - Stopped by Marc-André Fleury without a rebound.
17:34 of 2nd period - Ryan Craig wins face-off versus Ryan Kesler in Maple Leafs zone.
17:41 of 2nd period - Ryan Craig is hit by Ryan Kesler and loses puck.
19:09 of 2nd period - Snap shot by Jordan Staal.
19:09 of 2nd period - Deflect By Claude Giroux.
19:09 of 2nd period - Shot Misses the Net.
19:09 of 2nd period - Puck is out of play.
19:10 of 2nd period - Kris Vernarsky wins face-off versus Alexander Frolov in Predators zone.
19:27 of 2nd period - Slapshot by Claude Giroux.
19:27 of 2nd period - Shot Blocked by Niclas Bergfors.
19:58 of 2nd period - Snap shot by Blake Comeau.
19:58 of 2nd period - Shot Misses the Net.
Goals for this period are 2 for Maple Leafs vs 0 for Predators.
Shots for this period are 9 for Maple Leafs vs 5 for Predators.

3rd period


0:01 of 3rd period - Ryan Kesler wins face-off versus Jordan Staal in neutral zone.
0:06 of 3rd period - Snap shot by Byron Bitz.
0:06 of 3rd period - Shot Misses the Net.
0:37 of 3rd period - Wrist shot by Tobias Enstrom.
0:37 of 3rd period - Deflect By Ryan Craig.
0:37 of 3rd period - Stopped by Viktor Fasth with a rebound.
0:39 of 3rd period - Snap shot by Colby Armstrong.
0:39 of 3rd period - Stopped by Viktor Fasth with a rebound.
1:41 of 3rd period - Off-side.
1:42 of 3rd period - Jordan Staal wins face-off versus Kris Vernarsky in neutral zone.
2:28 of 3rd period - Alexander Edler is hit by Justin Schultz and loses puck.
5:00 of 3rd period - Snap shot by James Van Riemsdyk.
5:00 of 3rd period - Goal by James Van Riemsdyk - Maple Leafs : 2 - Predators : 1.
5:01 of 3rd period - Jordan Staal wins face-off versus Kris Vernarsky in neutral zone.
5:35 of 3rd period - Snap shot by Fabian Brunnstrom.
5:35 of 3rd period - Goal by Fabian Brunnstrom - Maple Leafs : 3 - Predators : 1.
5:36 of 3rd period - Jordan Staal wins face-off versus Ryan Kesler in neutral zone.
5:47 of 3rd period - Ryan Mcdonagh is hit by Claude Giroux and loses puck.
6:07 of 3rd period - Snap shot by Niclas Bergfors.
6:07 of 3rd period - Shot Misses the Net.
7:16 of 3rd period - Niclas Bergfors is hit by Blake Comeau and loses puck.
8:14 of 3rd period - Wrist shot by James Van Riemsdyk.
8:14 of 3rd period - Stopped by Marc-André Fleury with a rebound.
8:16 of 3rd period - Slapshot by Andy Miele.
8:16 of 3rd period - Shot Misses the Net.
8:18 of 3rd period - Slapshot by Bobby Sanguinetti.
8:18 of 3rd period - Stopped by Marc-André Fleury without a rebound.
8:19 of 3rd period - Zac Dalpe wins face-off versus Ryan Kesler in Maple Leafs zone.
8:52 of 3rd period - Slapshot by Taylor Chorney.
8:52 of 3rd period - Deflect By Alexander Steen.
8:52 of 3rd period - Stopped by Viktor Fasth without a rebound.
8:53 of 3rd period - Kris Vernarsky wins face-off versus Jordan Staal in Predators zone.
8:58 of 3rd period - Claude Giroux is hit by Kris Vernarsky and loses puck.
9:03 of 3rd period - Slapshot by Alexander Steen.
9:03 of 3rd period - Stopped by Marc-André Fleury with a rebound.
9:05 of 3rd period - Snap shot by Dmitri Kalinin.
9:05 of 3rd period - Shot Blocked by Taylor Chorney.
9:12 of 3rd period - Minor Penalty to Kris Vernarsky for Hooking.
9:13 of 3rd period - Jordan Staal wins face-off versus Alexander Ovechkin in Predators zone.
10:45 of 3rd period - Claude Giroux is hit by Alexander Ovechkin and loses puck.
11:12 of 3rd period - Penalty to Kris Vernarsky is over, Kris Vernarsky is back on ice.
11:23 of 3rd period - Snap shot by John Moore.
11:23 of 3rd period - Shot Blocked by Marc-Édouard Vlasic.
12:26 of 3rd period - Icing by Justin Abdelkader.
12:27 of 3rd period - Blake Comeau wins face-off versus Kris Vernarsky in Maple Leafs zone.
13:02 of 3rd period - Snap shot by Dmitri Kalinin.
13:02 of 3rd period - Stopped by Marc-André Fleury with a rebound.
13:04 of 3rd period - Snap shot by James Van Riemsdyk.
13:04 of 3rd period - Shot Misses the Net.
13:06 of 3rd period - Snap shot by Andy Miele.
13:06 of 3rd period - Stopped by Marc-André Fleury with a rebound.
13:08 of 3rd period - Slapshot by John Moore.
13:08 of 3rd period - Stopped by Marc-André Fleury without a rebound.
13:09 of 3rd period - Jordan Staal wins face-off versus Kris Vernarsky in Maple Leafs zone.
13:14 of 3rd period - Backhand shot by Claude Giroux.
13:14 of 3rd period - Goal by Claude Giroux - Maple Leafs : 4 - Predators : 1.
13:15 of 3rd period - Alexander Frolov wins face-off versus Ryan Kesler in neutral zone.
13:28 of 3rd period - Slapshot by Byron Bitz.
13:28 of 3rd period - Stopped by Marc-André Fleury without a rebound.
13:29 of 3rd period - Jordan Staal wins face-off versus Ryan Kesler in Maple Leafs zone.
13:54 of 3rd period - Alexander Edler is hit by Fabian Brunnstrom and loses puck.
13:59 of 3rd period - Wrist shot by Colby Armstrong.
13:59 of 3rd period - Stopped by Viktor Fasth with a rebound.
14:01 of 3rd period - Wrist shot by Colby Armstrong.
14:01 of 3rd period - Stopped by Viktor Fasth with a rebound.
14:29 of 3rd period - Icing by Andrej Meszaros.
14:30 of 3rd period - Jordan Staal wins face-off versus Andy Miele in Predators zone.
14:35 of 3rd period - Wrist shot by Claude Giroux.
14:35 of 3rd period - Stopped by Viktor Fasth without a rebound.
14:36 of 3rd period - Jordan Staal wins face-off versus Ryan Kesler in Predators zone.
14:49 of 3rd period - Off-side.
14:50 of 3rd period - Ryan Kesler wins face-off versus Jordan Staal in neutral zone.
14:59 of 3rd period - Snap shot by Ryan Kesler.
14:59 of 3rd period - Stopped by Marc-André Fleury without a rebound.
15:00 of 3rd period - Ryan Kesler wins face-off versus Jordan Staal in Maple Leafs zone.
15:05 of 3rd period - Snap shot by Ryan Kesler.
15:05 of 3rd period - Stopped by Marc-André Fleury with a rebound.
15:07 of 3rd period - Minor Penalty to Alexander Frolov for Hooking.
15:08 of 3rd period - Claude Giroux wins face-off versus Mikael Granlund in Maple Leafs zone.
15:19 of 3rd period - Wrist shot by Byron Bitz.
15:19 of 3rd period - Goal by Byron Bitz - Maple Leafs : 4 - Predators : 2.
15:20 of 3rd period - Jordan Staal wins face-off versus Ryan Kesler in neutral zone.
15:48 of 3rd period - Snap shot by Colby Armstrong.
15:48 of 3rd period - Stopped by Viktor Fasth with a rebound.
16:12 of 3rd period - Wrist shot by Andy Miele.
16:12 of 3rd period - Shot Misses the Net.
16:14 of 3rd period - Snap shot by Alexander Edler.
16:14 of 3rd period - Stopped by Marc-André Fleury with a rebound.
17:09 of 3rd period - Backhand shot by Alexander Edler.
17:09 of 3rd period - Stopped by Marc-André Fleury with a rebound.
17:11 of 3rd period - Slapshot by Ryan Mcdonagh.
17:11 of 3rd period - Stopped by Marc-André Fleury with a rebound.
17:13 of 3rd period - Snap shot by Andy Miele.
17:13 of 3rd period - Stopped by Marc-André Fleury without a rebound.
17:14 of 3rd period - Ryan Kesler wins face-off versus Jordan Staal in Maple Leafs zone.
17:18 of 3rd period - Slapshot by Alexander Ovechkin.
17:18 of 3rd period - Shot Misses the Net.
17:20 of 3rd period - Wrist shot by Ryan Kesler.
17:20 of 3rd period - Shot Blocked by Braydon Coburn.
17:22 of 3rd period - Wrist shot by Ryan Kesler.
17:22 of 3rd period - Shot Misses the Net.
17:24 of 3rd period - Slapshot by John Moore.
17:24 of 3rd period - Shot Blocked by Claude Giroux.
17:26 of 3rd period - Snap shot by Alexander Ovechkin.
17:26 of 3rd period - Shot Misses the Net.
17:28 of 3rd period - Wrist shot by Alexander Ovechkin.
17:28 of 3rd period - Stopped by Marc-André Fleury without a rebound.
17:29 of 3rd period - Jordan Staal wins face-off versus Ryan Kesler in Maple Leafs zone.
19:28 of 3rd period - Michael Grabner is hit by Dmitri Kalinin and loses puck.
Goals for this period are 2 for Maple Leafs vs 2 for Predators.
Shots for this period are 9 for Maple Leafs vs 16 for Predators.